 Dungeon Crawl Stone Soup version 0.31-a0-210-gccc998df9b (webtiles) character file.

Game seed: 7779333807741818130

440 qw the Shooter (level 6, 0/52 HPs)
             Began as a Minotaur Hexslinger on June 29, 2023.
             Slain by an orc warrior
             ... wielding a +0 short sword
              (10 damage)
             ... on level 5 of the Dungeon.
             The game lasted 00:01:22 (4305 turns).

qw the Shooter (Minotaur Hexslinger)                Turns: 4305, Time: 00:01:22

Health: 0/52       AC:  6    Str: 12      XL:     6   Next: 70%
Magic:  6/6        EV: 16    Int:  8 (10) God:
Gold:   53         SH:  0    Dex: 15      Spells: 6/7 levels left

rFire   . . .        Y - +1 sling (elec)
rCold   . . .        (no shield)
rNeg    . . .        a - +0 ring mail
rPois   .            (helmet restricted)
rElec   .            (no cloak)
rCorr   .            (no gloves)
SInv    .            g - +0 pair of boots
Will    .....        (no amulet)
Stlth   +            n - +5 ring of evasion
HPRegen 0.28/turn    (no ring)
MPRegen 0.10/turn

%: no passive effects
@: about to teleport
A: horns 2, retaliatory headbutt
a: no special abilities


You were on level 5 of the Dungeon.
You visited 1 branch of the dungeon, and saw 5 of its levels.

You collected 239 gold pieces.
You spent 186 gold pieces at shops.


Innate Abilities, Weirdness & Mutations

You have a pair of horns on your head.
You reflexively headbutt those who attack you in melee.


   Skills:
 - Level 4.0 Fighting
 + Level 7.0 Ranged Weapons
 - Level 1.0 Armour
 - Level 2.1 Dodging
 - Level 1.0 Spellcasting
 - Level 2.0 Hexes


You had 6 spell levels left.
You knew the following spells:

 Your Spells              Type           Power      Damage    Failure   Level
a - Slow                  Hex            12%        N/A       36%         1

Your spell library contained the following spells:

 Spells                   Type           Power      Damage    Failure   Level
 Inner Flame              Hex/Fire       2%         N/A       87%         3
 Portal Projectile        Hex/Tloc       4%         N/A       87%         3
 Cause Fear               Hex            1%         N/A       98%         4

Inventory:

Hand Weapons
 Y - a +1 sling of electrocution (weapon)
Armour
 a - a +0 ring mail (worn)
 g - a +0 pair of boots (worn)
Jewellery
 n - a +5 ring of evasion (left hand)
Scrolls
 b - a scroll of identify
 k - 5 scrolls of teleportation
Potions
 d - 7 potions of curing
 e - 2 potions of enlightenment
 f - a potion of resistance
 h - a potion of invisibility {unknown}
 j - a potion of cancellation
 l - a potion of heal wounds {unknown}
 m - a potion of mutation {unknown}

Dungeon Overview and Level Annotations

Branches:
Dungeon (5/15)
 Temple: D:4-7

Altars:
Hepliaklqana
Nemelex Xobeh
Ru
Uskayaw

Shops:
D:3 =*(:

Annotations:
D:4 1 runed translucent door, Crazy Yiuf


Message History

The sling bullet hits the howler monkey.
Lightning courses through the howler monkey!!
You kill the howler monkey!
The orc warrior barely misses you. You furiously retaliate!
You headbutt the orc warrior! The scorpion closely misses you.
Your Ranged Weapons skill increases to level 7!
You shoot a sling bullet.
The sling bullet hits the scorpion but does no damage.
The scorpion is heavily wounded.
The scorpion stings you but does no damage.
The orc warrior hits you with a +0 short sword!
The orc warrior hits you with a +0 short sword.
The scorpion stings you but does no damage.
You shoot a sling bullet. The sling bullet hits the scorpion.
The scorpion is severely wounded.
The scorpion misses you. The orc warrior misses you. You furiously retaliate!
You headbutt the orc warrior. You shoot a sling bullet.
The sling bullet hits the scorpion but does no damage.
The scorpion is severely wounded.
The scorpion closely misses you.
A phantom comes into view.
The orc warrior barely misses you. You furiously retaliate!
You headbutt the orc warrior! You shoot a sling bullet.
The sling bullet hits the orc warrior but does no damage.
The orc warrior is severely wounded.
The scorpion stings you. The orc warrior closely misses you.
You furiously retaliate!
You headbutt the orc warrior. The scorpion closely misses you.
You shoot a sling bullet.
The sling bullet closely misses the orc warrior.
The scorpion barely misses you.
The orc warrior hits you with a +0 short sword!
4305 ||| READING 6 scrolls of teleportation.
As you read the scroll of teleportation, it crumbles to dust.
You feel strangely unstable.
The scorpion stings you but does no damage.
The orc warrior hits you with a +0 short sword!
You die...

#+##### #....<#
#.....# #.....#
#.....# ##@####
......%os......
.........).....
...............
..)..W.........
..)............
...............
...............


You could see an orc warrior, a phantom and a scorpion.

Vanquished Creatures
  A centaur (D:5)
  A howler monkey (D:5)
  A jelly (D:4)
  An orc priest (D:5)
  2 hounds (D:4)
  A sleepcap (D:4)
  An orc wizard (D:4)
  6 adders
  2 worms (D:2)
  3 dart slugs
  6 orcs
  6 ball pythons
  11 endoplasms
  4 giant cockroaches
  6 goblins
  8 hobgoblins
  4 jackals
  5 quokkas
  3 bats
  5 frilled lizards
  6 kobolds
  3 rats
86 creatures vanquished.

Notes
Turn   | Place    | Note
-------+----------+-------------------------------------------
     0 | D:1      | qw the Minotaur Hexslinger began the quest for the Orb.
     0 | D:1      | Reached XP level 1. HP: 16/16 MP: 1/1
     0 | D:1      | 0 ||| qw: Version: 0.3-a-24-ga2abf7b
     0 | D:1      | 0 ||| qw: Game counter: 6914
     0 | D:1      | 0 ||| qw: Melee chars always use a shield: true
     0 | D:1      | 0 ||| qw: God list: Okawaru
     0 | D:1      | 0 ||| qw: Allow faded altars: false
     0 | D:1      | 0 ||| qw: Do Orc after clearing Dungeon:15 true
     0 | D:1      | 0 ||| qw: Do second Lair branch before Depths: true
     0 | D:1      | 0 ||| qw: Lair rune preference: random
     0 | D:1      | 0 ||| qw: Goals: Normal
     0 | D:1      | 0 ||| PLANNING D:1-11
   174 | D:1      | Reached skill level 3 in Ranged Weapons
   188 | D:1      | Reached XP level 2. HP: 23/23 MP: 2/2
   823 | D:1      | 823 ||| READING scroll labelled SOUMUYKLEYGA.
   826 | D:1      | 826 ||| READING scroll labelled NETUGR EPSICK.
   827 | D:1      | 827 ||| DROPPING scroll of poison.
   939 | D:2      | Reached XP level 3. HP: 29/29 MP: 3/3
  1051 | D:2      | You fall into a shaft and drop 2 floors!
  1217 | D:4      | Reached skill level 4 in Ranged Weapons
  1228 | D:4      | HP: 7/29 [something (1)]
  1229 | D:4      | 1229 ||| READING scroll of teleportation.
  1232 | D:4      | HP: 3/29 [orc wizard/+0 dagger (2)]
  1368 | D:4      | Reached XP level 4. HP: 21/36 MP: 4/4
  1510 | D:4      | Reached skill level 5 in Ranged Weapons
  1597 | D:4      | Found a sacrificial altar of Ru.
  1706 | D:4      | Found a runed translucent door.
  1707 | D:4      | Noticed Crazy Yiuf
  1813 | D:4      | Reached skill level 3 in Fighting
  1813 | D:4      | Reached XP level 5. HP: 29/45 MP: 5/5
  1898 | D:4      | 1898 ||| UPGRADING to +0 ring mail.
  1908 | D:4      | 1908 ||| DROPPING +0 robe.
  1909 | D:4      | 1909 ||| UPGRADING to +0 pair of boots.
  1914 | D:4      | 1914 ||| READING scroll labelled JIT VELENEPOPS.
  1915 | D:4      | 1915 ||| READING scroll labelled ANTITOUNIA.
  1916 | D:4      | 1916 ||| DRINKING 4 bubbling purple potions.
  1917 | D:4      | 1917 ||| DRINKING 2 fuming dark potions.
  1965 | D:3      | Found Wall's Assorted Antiques.
  2084 | D:2      | Reached skill level 1 in Armour
  2090 | D:2      | Found a hazy altar of Hepliaklqana.
  2472 | D:2      | Found a faded altar of an unknown god.
  2497 | D:2      | 2497 ||| READING scroll labelled MOPHIETTUPS.
  2498 | D:2      | 2498 ||| DRINKING 2 sedimented coppery potions.
  2752 | D:3      | Found Cikhyppo's Book Shop.
  2771 | D:3      | Found a hazy altar of Hepliaklqana.
  2903 | D:3      | Found Doyz's Jewellery Shoppe.
  2908 | D:3      | 2908 ||| SHOPLISTING +4 ring of protection (468 gold, have
                  | 183).
  2908 | D:3      | 2908 ||| SHOPLISTING +4 ring of slaying (1014 gold, have
                  | 183).
  2908 | D:3      | 2908 ||| SHOPLISTING +5 ring of evasion (468 gold, have
                  | 183).
  2908 | D:3      | 2908 ||| SHOPLISTING amulet of reflection (390 gold, have
                  | 183).
  2908 | D:3      | 2908 ||| SHOPLISTING amulet of the Air {Inacc Air Fly rElec
                  | RMsl} (488 gold, have 183).
  2908 | D:3      | 2908 ||| SHOPLISTING ring of fire (325 gold, have 183).
  2908 | D:3      | 2908 ||| SHOPLISTING ring of ice (325 gold, have 183).
  2908 | D:3      | 2908 ||| SHOPLISTING ring of protection from fire (325
                  | gold, have 183).
  2910 | D:3      | Found Qeaxuakus's Antique Weapon Shop.
  2957 | D:3      | Identified the +6 dagger "Embalmer" {venom, rN+ Stlth+}
  3029 | D:3      | 3029 ||| BUYING 2 scrolls of teleportation (162 gold).
  3029 | D:3      | Bought 2 scrolls of teleportation for 162 gold pieces
  3029 | D:3      | 3029 ||| SHOPLISTING encrusted leather armour (189 gold,
                  | have 30).
  3029 | D:3      | 3029 ||| BUYING fizzy silvery potion (24 gold).
  3029 | D:3      | Bought a fizzy silvery potion for 24 gold pieces
  3029 | D:3      | 3029 ||| SHOPLISTING onyx ring (135 gold, have 6).
  3029 | D:3      | 3029 ||| SHOPLISTING scroll of identify (54 gold, have 6).
  3029 | D:3      | 3029 ||| SHOPLISTING sedimented blue potion (24 gold, have
                  | 6).
  3206 | D:3      | Found a hide-covered altar of Uskayaw.
  3308 | D:3      | 3308 ||| UPGRADING to +5 ring of evasion.
  3309 | D:3      | 3309 ||| READING 2 scrolls labelled VYTITR HOCHUY.
  3310 | D:3      | 3310 ||| DRINKING 2 fizzy puce potions.
  3311 | D:3      | 3311 ||| READING 2 scrolls of identify.
  3311 | D:3      | 3311 ||| IDENTIFYING emerald potion
  3312 | D:3      | 3312 ||| DROPPING scroll of fear.
  3313 | D:3      | 3313 ||| DROPPING potion of degeneration.
  3395 | D:4      | Reached skill level 6 in Ranged Weapons
  3852 | D:4      | 3852 ||| READING scroll labelled XETOHE KANWAA.
  3853 | D:4      | 3853 ||| DRINKING 2 fizzy silvery potions.
  3958 | D:4      | 3958 ||| DROPPING potion of berserk rage.
  4037 | D:4      | Reached XP level 6. HP: 51/51 MP: 6/6
  4049 | D:4      | Found a sparkling altar of Nemelex Xobeh.
  4210 | D:4      | 4210 ||| DROPPING ring of magical power.
  4284 | D:5      | Entered Level 5 of the Dungeon
  4289 | D:5      | Noticed an orc warrior
  4300 | D:5      | Reached skill level 7 in Ranged Weapons
  4304 | D:5      | HP: 10/52 [orc warrior/+0 short sword (9)]
  4305 | D:5      | 4305 ||| READING 6 scrolls of teleportation.
  4305 | D:5      | Slain by an orc warrior

Levels and vault maps discovered:
D:1:      saegor_arrival_fortress, layout_loops_ring
D:2:      layout_loops_ring, basic_altar,
          dreamdust_ecumenical_altar_angels_and_demons
D:3:      layout_loops_ring, mainiacjoe_overflow_brackets,
          mainiacjoe_overflow_alcove_1, serial_shops, nicolae_shop_scrapyard,
          nicolae_shop_trees, nicolae_shop_waterfront, shop
D:4:      kennysheep_six_static_rooms, layout_layer_cave,
          mainiacjoe_overflow_small_starburst, nicolae_ru_sacrificial_ziggurat,
          hangedman_abyss_or_decor_passed, minivault_19, minivault_5,
          serial_park_tiny_2, minmay_fractal_squares_diagonal_5,
          uniq_crazy_yiuf_cottage
D:5:      layout_gridville, gammafunk_ghost_grave, chequers_arboretum,
          hangedman_decor_lopped, uniq_pikel, uniq_menkaure, uniq_blork_the_orc

Skill      XL: |  1  2  3  4  5  6 |
---------------+-------------------+-----
Ranged Weapons | 3 4 5 6 7 |  7.0
Fighting       | 2 3 4 |  4.0
Armour         | 1 |  1.0
Dodging        | |  2.1
Spellcasting   | |  1.0
Hexes          | |  2.0

Action                     |  1- 3 |  4- 6 || total
---------------------------+-------+-------++-------
   Fire: Sling             |   129 |   164 ||   293
    Use: Scroll            |     3 |     7 ||    10
         Potion            |       |     5 ||     5
 Armour: Robe              |    10 |     4 ||    14
         Ring mail         |       |    14 ||    14
  Dodge: Dodged            |    22 |    48 ||    70

Table legend:
 A = Non-vault XP
 B = Vault XP
 C = Vault XP percentage of total XP
 D = Non-vault monster count
 E = Vault monster count
 F = Vault count percentage of total count
                 A         B        C        D         E       F
            +---------+---------+-------+---------+---------+-------
      Total |     491 |     138 |  21.9 |      73 |      13 |  15.1
            +---------+---------+-------+---------+---------+-------
        D:1 |      35 |       0 |   0.0 |      18 |       0 |   0.0
        D:2 |      64 |       0 |   0.0 |      20 |       0 |   0.0
        D:3 |      72 |       0 |   0.0 |      19 |       0 |   0.0
        D:4 |     109 |     138 |  55.9 |      12 |      13 |  52.0
        D:5 |     211 |       0 |   0.0 |       4 |       0 |   0.0
            +---------+---------+-------+---------+---------+-------
